 Dungeon Crawl Stone Soup version 0.25-b1-46-gb8a1ec05df (webtiles) character file.

Game seed: 7228855977267544972

136690 gruber the Unseen (level 17, -4/93 HPs)
             Began as a Vine Stalker Fighter on June 9, 2020.
             Was the Champion of Makhleb.
             Slain by a demonic crawler (9 damage)
             ... on level 4 of the Spider Nest.
             The game lasted 00:43:38 (27281 turns).

gruber the Unseen (Vine Stalker Fighter)           Turns: 27281, Time: 00:43:39

Health: -4/93      AC:  3    Str: 22 (23) XL:     17   Next: 22%
Magic:  0/33       EV: 13    Int: 12      God:    Makhleb [******]
Gold:   1914       SH: 18    Dex: 15 (16) Spells: 16/16 levels left

rFire    + + .     SeeInvis .   U - +10 flail of the Gloaming {vorpal, rF+}
rCold    + . .     Gourm    .   c - +0 kite shield
rNeg     + . .     Faith    .   y - +2 chain mail {rC+}
rPois    +         Spirit   +   z - +0 helmet
rElec    +         Reflect  +   X - scarf {repulsion}
rCorr    .         Harm     .   (no gloves)
MR       +++..                  C - +2 pair of boots
Stlth    ++++......             s - amulet of reflection
HPRegen  1.05/turn              N - ring of Quke {+Inv rElec rPois MP+9 Str+4}
MPRegen  0.23/turn              Z - ring of Cywnuez {rF+ rN+ MR+ Str-5 Int+4}

@: lethally poisoned (-4 -> -4), corroded, very slightly contaminated, repel
missiles
A: fangs 3, regeneration 2, magic shield, antimagic bite, no potion heal 3, rot
immunity
a: Minor Destruction, Lesser Servant of Makhleb, Major Destruction, Greater
Servant of Makhleb, Renounce Religion, Evoke Invisibility


You were on level 4 of the Spider Nest.
You worshipped Makhleb.
Makhleb was exalted by your worship.
You were not hungry.

You visited 4 branches of the dungeon, and saw 27 of its levels.
You also visited: Ossuary, Gauntlet and Ice Cave.

You collected 3080 gold pieces.
You spent 1166 gold pieces at shops.

Inventory:

Hand Weapons
 U - the +10 flail of the Gloaming (weapon) {vorpal, rF+}
   (You found it on level 10 of the Dungeon)

   It inflicts extra damage upon your enemies.
   It protects you from fire.
Missiles
 h - 8 throwing nets (quivered)
 t - 4 curare-tipped darts
 R - 5 silver javelins
Armour
 c - a +0 kite shield (worn)
 y - a +2 chain mail of cold resistance (worn)
 z - a +0 helmet (worn)
 C - a +2 pair of boots (worn)
 X - a scarf of repulsion (worn)
Jewellery
 q - an uncursed ring of resist corrosion
 s - an amulet of reflection (around neck)
 N - the ring of Quke (left hand) {+Inv rElec rPois MP+9 Str+4}
   (You bought it in a shop on level 7 of the Dungeon)

   [ring of magical power]

   It affects your strength (+4).
   It insulates you from electricity.
   It protects you from poison.
   It affects your magic capacity (+9).
   It lets you turn invisible.
 O - an uncursed ring of see invisible
 Z - the ring of Cywnuez (right hand) {rF+ rN+ MR+ Str-5 Int+4}
   (You found it in an ice cave)

   [ring of protection from fire]

   It affects your strength (-5).
   It affects your intelligence (+4).
   It protects you from fire.
   It protects you from negative energy.
   It affects your resistance to hostile enchantments.
Wands
 j - a wand of paralysis (12)
 w - a wand of iceblast (13)
 K - a wand of enslavement (19)
 P - a wand of acid (14)
 S - a wand of flame (57)
 V - a wand of digging (3)
 W - a wand of clouds (1)
 Y - a wand of polymorph (20)
Scrolls
 a - 2 scrolls of identify
 e - 3 scrolls of holy word {unknown}
 g - 6 scrolls of magic mapping {unknown}
 i - 5 scrolls of immolation {unknown}
 k - 2 scrolls of torment {unknown}
 m - 6 scrolls of fear
 n - 3 scrolls of fog {unknown}
 o - 18 scrolls of remove curse
 p - 14 scrolls of teleportation
 r - 2 scrolls of noise {unknown}
 B - 3 scrolls of random uselessness {unknown}
 E - 7 scrolls of enchant armour {unknown}
 F - 7 scrolls of enchant weapon
 H - a scroll of silence {unknown}
 I - a scroll of summoning {unknown}
 L - 3 scrolls of vulnerability {unknown}
 Q - a scroll of blinking
Potions
 b - a potion of ambrosia
 d - 2 potions of invisibility
 l - 3 potions of might
 u - 5 potions of haste
 v - 9 potions of curing
 x - 9 potions of lignification
 A - 11 potions of flight
 D - 3 potions of stabbing
 G - 6 potions of magic
 J - 3 potions of brilliance
 T - 2 potions of resistance
Comestibles
 f - 39 rations
 M - a chunk of flesh


   Skills:
 - Level 12.0 Fighting
   Level 4.0 Short Blades
 - Level 12.1 Maces & Flails
 - Level 12.0 Armour
 - Level 9.2 Dodging
 - Level 17.0 Stealth
 - Level 11.1 Shields
 * Level 8.0 Invocations


You had 16 spell levels left.
You didn't know any spells.
Your spell library contained the following spells:

 Spells                   Type           Power        Failure   Level  Hunger
 Apportation              Tloc           #.....       96%         1    ##.....
 Beastly Appendage        Tmut           #.....       96%         1    ##.....
 Corona                   Hex            #......      96%         1    ##.....
 Infusion                 Chrm           #...         96%         1    ##.....
 Sandblast                Erth           #.....       96%         1    ##.....
 Shock                    Conj/Air       #...         96%         1    ##.....
 Sting                    Tmut/Pois      #...         96%         1    ##.....
 Passwall                 Tmut/Erth      #.......     99%         2    ###....
 Poisonous Vapours        Pois/Air       #.....       99%         2    ###....
 Shroud of Golubria       Chrm/Tloc      #.....       99%         2    ###....
 Slow                     Hex            #.......     99%         2    ###....
 Song of Slaying          Chrm           #.......     99%         2    ###....
 Sticks to Snakes         Tmut           #.......     99%         2    ###....
 Swiftness                Chrm/Air       #.......     99%         2    ###....
 Frozen Ramparts          Ice            #.....       100%        3    ####...
 Ignite Poison            Fire/Tmut/Pois #.......     100%        3    ####...
 Inner Flame              Hex/Fire       #.......     100%        3    ####...
 Mephitic Cloud           Conj/Pois/Air  #.......     100%        3    ####...
 Ozocubu's Armour         Chrm/Ice       #.......     100%        3    ####...
 Portal Projectile        Hex/Tloc       #.....       100%        3    ####...
 Recall                   Summ/Tloc      N/A          100%        3    ####...
 Spectral Weapon          Hex/Chrm       #.......     100%        3    ####...
 Spider Form              Tmut/Pois      #.........   100%        3    ####...
 Static Discharge         Conj/Air       #.......     100%        3    ####...
 Stone Arrow              Conj/Erth      #.....       100%        3    ####...
 Airstrike                Air            #.........   100%        4    #####..
 Animate Dead             Necr           N/A          100%        4    #####..
 Cause Fear               Hex            #.........   100%        4    #####..
 Hailstorm                Conj/Ice       #.......     100%        4    #####..
 Ice Form                 Ice/Tmut       #.......     100%        4    #####..
 Leda's Liquefaction      Hex/Erth       #.........   100%        4    #####..
 Olgreb's Toxic Radiance  Pois           #.......     100%        4    #####..
 Petrify                  Tmut/Erth      #.......     100%        4    #####..
 Blade Hands              Tmut           #.........   100%        5    ######.
 Bolt of Magma            Conj/Fire/Erth #.........   100%        5    ######.
 Borgnjor's Vile Clutch   Necr/Erth      #.........   100%        5    ######.
 Iskenderun's Battlesphe  Conj/Chrm      #.......     100%        5    ######.
 Lee's Rapid Deconstruct  Erth           #.........   100%        5    ######.
 Lightning Bolt           Conj/Air       #.........   100%        5    ######.
 Metabolic Englaciation   Hex/Ice        #.........   100%        5    ######.
 Death Channel            Necr           #.........   100%        6    #######
 Freezing Cloud           Conj/Ice/Air   #.........   100%        6    #######
 Hydra Form               Tmut           #.........   100%        6    #######
 Iron Shot                Conj/Erth      #.........   100%        6    #######
 Ozocubu's Refrigeration  Ice            #.........   100%        6    #######
 Simulacrum               Ice/Necr       #.........   100%        6    #######
 Statue Form              Tmut/Erth      #........    100%        6    #######
 Dragon Form              Tmut           #.........   100%        7    #######
 Orb of Destruction       Conj           #.........   100%        7    #######
 Spellforged Servitor     Conj/Summ      #.........   100%        7    #######
 Shatter                  Erth           #.........   100%        9    #######


Dungeon Overview and Level Annotations

Branches:
Dungeon (15/15)            Temple (0/1) D:4            Lair (6/6) D:11
 Shoals (0/4) Lair:4       Spider (4/4) Lair:4        Slime (0/5) Lair:5
    Orc (2/2) D:11            Elf (0/3) Orc:2        Vaults (0/5) D:13
 Depths (0/5) D:15        Ossuary (visited)           IceCv (visited)
Gauntlet (visited)

Altars:
Elyvilon
Fedhas
Gozag
Makhleb
Nemelex Xobeh
Qazlal
Sif Muna
Uskayaw
Xom
Zin
The Shining One
Jiyva

Shops:
D:7 =   D:11 }   Orc:2 [*?(

Portals:
Trove: D:11 (give +6 demon trident)

Annotations:
Lair:5 1 runed translucent door


Innate Abilities, Weirdness & Mutations

You have razor-sharp teeth.
You heal very quickly.
When hurt, damage is shared between your health and your magic reserves.
Your bite disrupts and absorbs the magic of your enemies.
Potions cannot restore your health.
You are immune to rotting.


Message History

You hit the demonic crawler but do no damage.
You bite the demonic crawler, but do no damage.
The demonic crawler is lightly wounded.
You block the demonic crawler's attack. The demonic crawler hits you.
* * * LOW HITPOINT WARNING * * *
You block the demonic crawler's attack.
You sock the demonic crawler!
You bite the demonic crawler, but do no damage.
The demonic crawler is moderately wounded.
You feel sick. You block the demonic crawler's attack.
The demonic crawler hits you.
* * * LOW HITPOINT WARNING * * *
The demonic crawler hits you.
* * * LOW HITPOINT WARNING * * *
You block the demonic crawler's attack. The demonic crawler closely misses you.
You block the demonic crawler's attack.
You feel sick.
You feel sick.
You block the demonic crawler's attack. x2
The demonic crawler hits you!
You die...

#.....## ##.....## ###..<..###
## #..†...##.### <...
###...###....#
.....#^.....#.....##### ####
##...##...^##....###..# #^^##
##^^......####...##<#..####..#
.####........#..@s........#..#
....##.......#.^##..#..#..#..##
^...^##..^...#.^#^..#..#..#...##
##....##....^#†.#^..#^.#..#....#
^#^.........[..###..#..#.^#^...#
.###...........#.#..#..#.......#
.....^.##≈≈≈≈≈...#.....#.......#
....####≈≈≈≈≈≈≈..#....^#..^....#
....# #≈≈###≈≈..#...###.......#


You could see a demonic crawler.

Vanquished Creatures
  Kirke (D:12)
  2 ghost moths
  The ghost of squishfish the Brawler, a journeyman TrMo of Makhleb (D:12)
  An emperor scorpion (Spider:2)
  An ironheart preserver (D:13)
  A stone giant (Orc:1)
  The ghost of Laowois the Severer, a journeyman MiBe of Trog (D:14)
  4 spark wasps
  A minotaur (Gauntlet)
  A white draconian (IceCv)
  Snorg (D:14)
  Josephine (D:13)
  An ogre mage (D:15)
  A fire dragon (Lair:6)
  7 hydras
  4 centaur warriors
  6 two-headed ogres
  A dancing weapon (D:11)
  Urug (Lair:3)
  Nergalle (D:10)
  A death yak (IceCv)
  Sonja (Lair:6)
  The ghost of Statics the Martial Artist, a novice OpTm of Cheibriados (D:11)
  2 fire crabs (Lair:6)
  2 unseen horrors
  Pikel (D:7)
  A wizard (D:15)
  5 orc knights
  22 wolf spiders
  A lindwurm (Lair:6)
  7 orb spiders
  2 manticores
  6 ugly things
  6 cyclopes
  3 deep elf magi (D:15)
  3 moths of wrath (Spider:3)
  Maurice (D:13)
  5 black mambas
  13 elephants
  An ice statue (IceCv)
  2 molten gargoyles (Lair:6)
  A naga mage (D:15)
  A gargoyle (D:15)
  7 spiny frogs
  A torpor snail (Spider:4)
  8 komodo dragons
  3 efreet
  5 rime drakes
  3 kobold demonologists
  A redback zombie (D:15)
  4 red devils (D:12)
  8 demonic crawlers
  23 jumping spiders
  A tengu conjurer (D:15)
  4 trolls
  21 polar bears
  4 hornets
  4 dream sheep (Lair:5)
  8 hippogriffs
  4 slime creatures
  4 blink frogs
  40 redbacks
  13 tarantellas
  9 shadows
  A vampire (D:13)
  64 yaks
  3 hogs (D:12)
  10 wyverns
  7 wraiths
  6 chaos spawn (Gauntlet)
  A human (shapeshifter) (D:14)
  3 basilisks
  3 steam dragons (Lair:6)
  A hungry ghost (D:9)
  3 fire elementals (Gauntlet)
  7 vampire mosquitoes
  2 neqoxecs (Gauntlet)
  Edmund (D:5)
  3 wargs
  16 water moccasins
  2 acid dragons (D:14)
  8 porcupines
  5 hell hounds
  4 sky beasts
  36 orc warriors
  4 ice beasts
  4 phantoms
  3 black bears
  16 ogres
  7 boggarts (D:15)
  22 wolves
  22 centaurs
  10 crocodiles
  18 big kobolds
  17 bullfrogs
  3 scorpions
  4 killer bees
  5 wights (D:12)
  4 electric eels
  5 howler monkeys
  3 centaur zombies
  7 crimson imps
  4 lava snakes (Lair:6)
  A quasit (D:8)
  A bullfrog zombie (D:12)
  11 hounds
  9 jellies
  Crazy Yiuf (D:2)
  17 orc priests
  28 orc wizards
  2 iguanas
  Terence (D:2)
  9 worker ants
  6 ogre zombies (D:11)
  2 hound zombies
  A mummy (Ossuary)
  A howler monkey zombie (D:10)
  A worker ant zombie (D:7)
  13 adders
  7 gnolls
  A howler monkey skeleton (D:5)
  5 shadow imps
  9 oozes
  5 worms
  6 dart slugs
  6 leopard geckos
  103 orcs
  A ball python (D:5)
  5 giant cockroaches
  3 goblins
  6 hobgoblins
  4 jackals (D:8)
  20 kobolds
  2 quokkas
  13 bats
  7 frilled lizards
  7 gnoll skeletons (Ossuary)
  3 goblin skeletons (D:11)
  A hobgoblin skeleton (D:11)
  3 hobgoblin zombies (D:11)
  8 kobold skeletons (Ossuary)
  A leopard gecko skeleton (D:8)
  A leopard gecko zombie (D:6)
  12 orc skeletons
  10 orc zombies (D:11)
  A quokka zombie (D:4)
  3 rats
  A rat zombie (D:4)
  A demonic plant (Gauntlet)
  A plant (Lair:4)
1005 creatures vanquished.

Vanquished Creatures (others)
  A naga mage (D:15)
  A human (D:12)
  3 yaks (IceCv)
  A wyvern (D:12)
  A basilisk (Lair:6)
  2 orc wizards
  3 orcs
  2 demonic plants (Gauntlet)
  4 fungi
  3 plants
21 creatures vanquished.

Grand Total: 1026 creatures vanquished

Notes
Turn   | Place    | Note
-------+----------+-------------------------------------------
     0 | D:1      | gruber the Vine Stalker Fighter began the quest for the
                  | Orb.
     0 | D:1      | Reached XP level 1. HP: 11/11 MP: 2/2
   145 | D:1      | Reached XP level 2. HP: 16/16 MP: 3/3
   617 | D:1      | Reached XP level 3. HP: 19/19 MP: 4/4
  1098 | D:2      | Found a shimmering blue altar of Sif Muna.
  1369 | D:2      | Found a stormy altar of Qazlal.
  1433 | D:2      | Gained mutation: Your natural rate of healing is unusually
                  | fast. [Vine Stalker growth]
  1433 | D:2      | Reached XP level 4. HP: 8/23 MP: 5/5
  1476 | D:2      | Found a white marble altar of Elyvilon.
  1753 | D:2      | Noticed Terence
  1771 | D:2      | Killed Terence
  1862 | D:2      | Found a runed translucent door.
  1863 | D:2      | Noticed Crazy Yiuf
  1998 | D:2      | Reached XP level 5. HP: 22/28 MP: 6/6
  2056 | D:2      | Found a glowing golden altar of the Shining One.
  2165 | D:2      | Killed Crazy Yiuf
  2467 | D:3      | Reached XP level 6. HP: 28/34 MP: 7/7
  2727 | D:3      | Found a hide-covered altar of Uskayaw.
  2839 | D:4      | Reached skill level 5 in Fighting
  2965 | D:4      | Found a sparkling altar of Nemelex Xobeh.
  2966 | D:4      | Found an opulent altar of Gozag.
  3096 | D:4      | Reached XP level 7. HP: 39/39 MP: 8/8
  3339 | D:4      | Found a sand-covered staircase.
  3348 | Ossuary  | Entered an ossuary
  3348 | Ossuary  | Noticed a wraith
  3348 | Ossuary  | Noticed a wraith
  3348 | Ossuary  | Noticed a wraith
  3438 | Ossuary  | Noticed a wraith
  3474 | Ossuary  | Killed a wraith
  3879 | D:4      | Found a glowing silver altar of Zin.
  3945 | D:4      | Found a staircase to the Ecumenical Temple.
  4001 | D:5      | Entered Level 5 of the Dungeon
  4128 | D:5      | Gained mutation: You have razor-sharp teeth. [Vine Stalker
                  | growth]
  4128 | D:5      | Reached XP level 8. HP: 21/46 MP: 1/9
  4625 | D:5      | Noticed Edmund
  4644 | D:5      | Killed Edmund
  4715 | D:6      | Reached skill level 5 in Armour
  4952 | D:6      | Found a burning altar of Makhleb.
  5019 | D:6      | Became a worshipper of Makhleb the Destroyer
  5263 | D:6      | Reached XP level 9. HP: 46/50 MP: 10/10
  5708 | D:7      | Noticed Pikel
  5725 | D:7      | Found Joaplan's Jewellery Shoppe.
  5747 | D:7      | Killed Pikel
  5770 | D:7      | Bought a cursed amulet of inaccuracy for 26 gold pieces
  5807 | D:7      | Got a fine war axe
  5808 | D:7      | Identified the +4 war axe of Gravity {flame, rC+ rN+ Int+2
                  | Dex-2} (You found it on level 7 of the Dungeon)
  6171 | D:8      | Reached * piety under Makhleb
  6267 | D:8      | Noticed a two-headed ogre
  6286 | D:8      | Killed a two-headed ogre
  6286 | D:8      | Reached skill level 5 in Shields
  6286 | D:8      | Reached XP level 10. HP: 43/55 MP: 7/11
  6422 | D:8      | Noticed a kobold demonologist
  6438 | D:8      | Killed a kobold demonologist
  7037 | D:9      | Reached ** piety under Makhleb
  7200 | D:9      | Noticed a two-headed ogre
  7215 | D:9      | Killed a two-headed ogre
  8116 | D:10     | Entered Level 10 of the Dungeon
  8190 | D:10     | Noticed a four-headed hydra
  8212 | D:10     | Killed a four-headed hydra
  8212 | D:10     | Reached skill level 10 in Shields
  8212 | D:10     | Reached XP level 11. HP: 26/58 MP: 6/12
  8272 | D:10     | Noticed Nergalle
  8277 | D:10     | Reached skill level 1 in Dodging
  8300 | D:10     | Killed Nergalle
  8671 | D:10     | Got an ebony flail
  8672 | D:10     | Identified the +10 flail of the Gloaming {vorpal, rF+} (You
                  | found it on level 10 of the Dungeon)
  8740 | D:10     | Reached skill level 1 in Maces & Flails
  8900 | D:10     | Reached *** piety under Makhleb
  8987 | D:10     | Got an ichor-stained war axe
  9002 | D:10     | Identified the +7 war axe of the Original Sin {venom, *Slow
                  | rPois Dex+4 SInv} (You found it on level 10 of the Dungeon)
  9151 | D:11     | Reached skill level 5 in Maces & Flails
  9177 | D:11     | Reached **** piety under Makhleb
  9286 | D:11     | Noticed a red ugly thing
  9296 | D:11     | Killed a red ugly thing
  9378 | D:11     | Found a portal to a secret trove of treasure.
  9420 | D:11     | Gained mutation: You heal very quickly. [Vine Stalker
                  | growth]
  9420 | D:11     | Reached XP level 12. HP: 63/63 MP: 13/13
  9432 | D:11     | Found a staircase to the Orcish Mines.
  9487 | D:11     | Identified the Guide on Quantum Moulding
  9542 | D:11     | Found a staircase to the Lair.
  9722 | D:11     | Noticed a two-headed ogre
  9731 | D:11     | Killed a two-headed ogre
  9739 | D:11     | Reached skill level 5 in Dodging
  9744 | D:11     | Found a frozen archway.
  9753 | IceCv    | Entered an ice cave
  9758 | IceCv    | Reached ***** piety under Makhleb
 10187 | IceCv    | Noticed a death yak
 10201 | IceCv    | Killed a death yak
 10295 | IceCv    | Noticed a white draconian
 10332 | IceCv    | Killed a white draconian
 10332 | IceCv    | Reached XP level 13. HP: 62/67 MP: 6/14
 10462 | IceCv    | Got a pitted platinum ring
 10464 | IceCv    | Identified the ring of Cywnuez {rF+ rN+ MR+ Str-5 Int+4}
                  | (You found it in an ice cave)
 10477 | IceCv    | Identified the Catalogue of the Glacier
 10727 | D:11     | Found a runed translucent door.
 10729 | D:11     | Found a shimmering altar of Xom.
 10729 | D:11     | Noticed Statics's ghost (novice OpTm)
 10955 | D:11     | Found Oqerrer's Gadget Boutique.
 11417 | D:7      | Bought the ring of Quke {+Inv rElec rPois MP+9 Str+4} for
                  | 696 gold pieces
 11504 | Lair:1   | Entered Level 1 of the Lair of Beasts
 12517 | Lair:2   | Reached skill level 10 in Fighting
 13178 | Lair:3   | Reached ****** piety under Makhleb
 13225 | Lair:3   | Noticed Urug
 13232 | Lair:3   | Killed Urug
 14098 | Lair:4   | Found a hole to the Spider Nest.
 14225 | Lair:4   | Reached XP level 14. HP: 79/79 MP: 15/15
 14415 | Lair:4   | Found a staircase to the Shoals.
 15192 | Lair:5   | Found a runed translucent door.
 15193 | Lair:5   | Found a viscous altar of Jiyva.
 15193 | Lair:5   | Found a staircase to the Slime Pits.
 15193 | Lair:5   | Noticed an acid blob
 15193 | Lair:5   | Noticed an acid blob
 16223 | Lair:6   | Entered Level 6 of the Lair of Beasts
 16247 | Lair:6   | Noticed Sonja
 16258 | Lair:6   | Killed Sonja
 16332 | Lair:6   | Reached skill level 10 in Maces & Flails
 17153 | Lair:6   | Found a large runed translucent door.
 17169 | Lair:6   | Found a large runed translucent door.
 18221 | D:12     | Noticed Kirke
 18237 | D:12     | Killed Kirke
 18303 | D:12     | Reached XP level 15. HP: 84/84 MP: 16/16
 18402 | D:12     | Found a runed translucent gate.
 18403 | D:12     | Found a runed translucent gate.
 18403 | D:12     | Found a runed translucent gate.
 18404 | D:12     | Noticed squishfish's ghost (journeyman TrMo)
 18682 | D:12     | Got a fine whip
 18961 | D:13     | Noticed Maurice
 18968 | D:13     | Killed Maurice
 19032 | D:13     | Found a blossoming altar of Fedhas.
 19116 | D:13     | Noticed Josephine
 19125 | D:13     | Killed Josephine
 19127 | D:13     | Reached skill level 10 in Armour
 19343 | D:13     | Identified the +4 whip of Diurph {vorpal, +Rage rPois rF++
                  | Dex-3} (You found it on level 12 of the Dungeon)
 19668 | D:13     | Found a gate to the Vaults.
 19807 | D:14     | Got a turquoise-encrusted scale mail
 19808 | D:14     | Identified the +0 scale mail of Zin's Regard {rCorr Str-4
                  | Dex+7} (You found it on level 14 of the Dungeon)
 20131 | D:14     | Found a large runed translucent door.
 20132 | D:14     | Found a large runed translucent door.
 20134 | D:14     | Noticed Laowois's ghost (journeyman MiBe)
 20158 | D:14     | Found a gate leading to a gauntlet.
 20198 | Gauntlet | Entered a Gauntlet
 20198 | Gauntlet | Found a transporter.
 20208 | Gauntlet | Found a transporter.
 20211 | Gauntlet | Found a transporter.
 20212 | Gauntlet | Found a transporter.
 20216 | Gauntlet | Found a runed translucent door.
 20218 | Gauntlet | Found a runed translucent door.
 20220 | Gauntlet | Found a transporter.
 20223 | Gauntlet | Found a transporter.
 20224 | Gauntlet | Found a transporter.
 20232 | Gauntlet | Found a transporter.
 20235 | Gauntlet | Found a transporter.
 20236 | Gauntlet | Found a transporter.
 20244 | Gauntlet | Found a transporter.
 20247 | Gauntlet | Found a transporter.
 20248 | Gauntlet | Found a transporter.
 20256 | Gauntlet | Found a transporter.
 20955 | D:14     | Noticed Snorg
 20964 | D:14     | Killed Snorg
 21436 | D:14     | Killed Laowois's ghost
 21445 | D:14     | Got a fine flail
 21446 | D:14     | Identified the +1 flail of Invincibility {elec, Dex+3} (You
                  | found it on level 14 of the Dungeon)
 21567 | D:12     | Killed squishfish's ghost
 21666 | D:11     | Killed Statics's ghost
 21736 | D:15     | Entered Level 15 of the Dungeon
 22174 | D:15     | Identified a scroll of acquirement
 22225 | D:15     | Reached skill level 2 in Stealth
 22225 | D:15     | Reached XP level 16. HP: 88/88 MP: 17/17
 22250 | D:15     | Reached skill level 3 in Stealth
 22499 | D:15     | Reached skill level 4 in Stealth
 22512 | D:15     | Found a staircase to the Depths.
 22516 | D:15     | Reached skill level 5 in Stealth
 22529 | D:15     | Reached skill level 6 in Stealth
 22737 | Orc:1    | Entered Level 1 of the Orcish Mines
 23046 | Spider:1 | Entered Level 1 of the Spider Nest
 23054 | Spider:1 | Reached skill level 7 in Stealth
 23087 | Spider:1 | Reached skill level 8 in Stealth
 23122 | Spider:1 | Reached skill level 9 in Stealth
 23210 | Spider:1 | Reached skill level 10 in Stealth
 23415 | Spider:1 | Reached skill level 11 in Stealth
 23582 | Spider:1 | Reached skill level 12 in Stealth
 23727 | Spider:2 | Reached skill level 13 in Stealth
 23737 | Spider:2 | HP: 3/88 [spark wasp (4)]
 23895 | Spider:2 | Reached skill level 14 in Stealth
 24114 | Spider:2 | Reached skill level 15 in Stealth
 24370 | Spider:2 | Reached skill level 16 in Stealth
 24988 | Orc:1    | Reached skill level 17 in Stealth
 25204 | Orc:2    | Entered Level 2 of the Orcish Mines
 25216 | Orc:2    | Found a staircase to the Elven Halls.
 25219 | Orc:2    | Reached skill level 1 in Invocations
 25453 | Orc:2    | Found Caonnes's General Store.
 25453 | Orc:2    | Found Umon's Magic Scroll Shop.
 25455 | Orc:2    | Found Xanoyzxi's Antique Armour Shoppe.
 25457 | Orc:2    | Found Buron's Weapon Boutique.
 25461 | Orc:2    | Bought a scroll of teleportation for 45 gold pieces
 25461 | Orc:2    | Bought a scroll of enchant weapon for 112 gold pieces
 25462 | Orc:2    | Bought a scroll of fear for 35 gold pieces
 25464 | Orc:2    | Bought a warped scale mail for 252 gold pieces
 25464 | Orc:2    | Identified the cursed +0 scale mail "Haddonituph" {rPois
                  | Dex+2} (You bought it in a shop on level 2 of the Orcish
                  | Mines)
 26286 | Spider:3 | Reached skill level 5 in Invocations
 26401 | Spider:3 | Reached XP level 17. HP: 93/93 MP: 22/22
 26953 | Spider:4 | Entered Level 4 of the Spider Nest
 27275 | Spider:4 | HP: 4/93 [demonic crawler (3)]
 27275 | Spider:4 | HP: 1/93 [demonic crawler (3)]
 27281 | Spider:4 | Slain by a demonic crawler

Illustrated notes

Levels and vault maps discovered:
D:1:      lemuel_arrival_tunnels, layout_basic, minmay_box_of_dots
D:2:      layout_basic, lemuel_coloured_pillars_altar,
          overflow_temple_1_default, lemuel_crystal_altar, lemuel_doored_altar,
          uniq_crazy_yiuf_cottage, uniq_terence
D:3:      layout_loops_cross, nicolae_overflow_hidden_temple, first_ration
D:4:      minmay_skewed_foursquare, layout_loops_ring,
          grunt_temple_overflow_opulence, zin_treasury,
          lemuel_temple_firewalk_b, enter_ossuary_4, serial_glass,
          glass_columns_b, glass_columns_b
D:5:      layout_basic, uniq_edmund
D:6:      layout_loops_corners, nicolae_overflow_crystal_walls
D:7:      layout_cave_pools, serial_shops, nicolae_shop_waterfront, uniq_pikel
D:8:      layout_loops_ring, hangedman_little_slice_of_home, minivault_10
D:9:      layout_basic, minmay_starry_boxes
D:10:     layout_roguey [special_room_kobold], uniq_nergalle
D:11:     layout_layer_cave, lair_entry_dummy, zombieorc1_lemuel, serial_shops,
          shop, portal_ice_cave_rime, enter_trove_3, ebering_ghost_xom
D:12:     layout_loops_ring, ebering_ghost_rock_garden,
          einodemon_armed_red_devil_minivault, uniq_kirke
D:13:     layout_cave_pools, skrybe_vaults_entry_preservation, basic_altar,
          serial_park, serial_park_tiny_1, uniq_maurice, uniq_josephine
D:14:     layout_layer_cave, ebering_ghost_disaster_area,
          gauntlet_entry_generic, uniq_snorg
D:15:     grunt_enter_depths_magical_seal, layout_loops_ring,
          hangedman_decor_peaks_small, palyth_stone_intersect
Lair:1:   layout_chaotic_city, st_stairs_12
Lair:2:   layout_long_grid
Lair:3:   layout_concentric_octagons, uniq_urug
Lair:4:   beast_lair_carwin_large_3, layout_loops_ring,
          minmay_shoals_entry_beasts, spider_nest_entry_rubble,
          gammafunk_lair_bear_cave
Lair:5:   layout_layer_cave, slime_altar_2
Lair:6:   cheibrodos_lair_end_hotspot, layout_layer_cave, st_stairs_11,
          nicolae_quartered_pool_super, uniq_sonja
Spider:1: layout_spider_delve
Spider:2: layout_spider_delve
Spider:3: layout_spider_delve
Spider:4: guppyfry_spider_rune, worms_lemuel
Orc:1:    layout_caves, roderic_batcave, rock_pile
Orc:2:    st_orc_rangers, layout_caves

Skill      XL: |  1  2  3  4  5  6  7  8  9 10 11 12 13 14 15 16 17 |
---------------+----------------------------------------------------+-----
Short Blades   | 2 3 4 |  4.0
Fighting       | 3 4 5 7 11 12 | 12.0
Armour         | 3 6 9 12 | 12.0
Shields        | 5 10 11 | 11.1
Dodging        | 3 9 |  9.2
Maces & Flails | 7 12 | 12.1
Stealth        | 2 17 | 17.0
Invocations    | 5 8 |  8.0

Action                   |  1- 3 |  4- 6 |  7- 9 | 10-12 | 13-15 | 16-18 || total
-------------------------+-------+-------+-------+-------+-------+-------++-------
Melee: Rapier            |     9 |       |    38 |       |       |       ||    47
       Bite              |    23 |    58 |   187 |   335 |   491 |   284 ||  1378
       Dagger            |    70 |   198 |   428 |   381 |       |       ||  1077
       Flail             |       |       |       |   466 |  1256 |   759 ||  2481
Invok: Lesser Servant of |       |       |       |       |       |     2 ||     2
 Abil: Evoke Invisibilit |       |       |       |       |     1 |       ||     1
Evoke: Wand              |       |       |       |       |       |     4 ||     4
  Use: Potion            |       |       |     1 |       |       |       ||     1
       Scroll            |       |       |    10 |     3 |    12 |     4 ||    29
 Stab: Paralysed         |       |       |       |     1 |       |       ||     1
       Distracted        |       |       |       |       |     1 |       ||     1
       Petrified         |       |       |       |       |     4 |       ||     4
       Invisible         |       |       |       |       |     1 |       ||     1
       Sleeping          |       |       |       |       |       |     6 ||     6
       Confused          |       |       |       |       |       |     1 ||     1
  Eat: Chunk             |     1 |     6 |    11 |    16 |    36 |    14 ||    84
       Ration            |       |       |       |       |     1 |     1 ||     2
Armor: Scale mail        |    22 |     6 |       |       |       |       ||    28
       Chain mail        |       |    50 |   222 |   315 |   475 |   375 ||  1437
Dodge: Dodged            |    21 |    54 |   165 |   347 |   545 |   355 ||  1487
       Repelled          |       |       |       |       |    16 |    19 ||    35
Block: Kite shield       |    36 |    59 |   218 |   529 |   959 |   824 ||  2625
       Reflection        |       |       |       |       |    29 |    69 ||    98
